 Dungeon Crawl Stone Soup version 0.31-a0-978-g1e143483b6 (webtiles) character file.

Game seed: 16406333709677412233

323 ytrimaz the Sneak (level 6, -6/38 HPs)
             Began as an Octopode Shapeshifter on Oct 30, 2023.
             Shot with a sling bullet by a goblin (7 damage)
             ... on level 4 of the Dungeon.
             The game lasted 00:02:42 (2518 turns).

ytrimaz the Sneak (Octopode Shapeshifter)           Turns: 2518, Time: 00:02:43

Health: -6/38      AC:  1    Str: 13    XL:     6   Next: 47%
Magic:  6/6        EV: 14    Int: 13    God:
Gold:   137        SH:  0    Dex: 13    Spells: 5/5 levels left

rFire   . .          .
                       - Unarmed
rCold   + . .        (no shield)
rNeg    . . .        (helmet currently unavailable)
rPois   +            (no amulet)
rElec   .            m - ring of poison resistance
rCorr   .            o - ring of protection from cold
SInv    .            (no ring)
Will    .....        (no ring)
Stlth   ++++         (no ring)
HPRegen 0.26/turn    (no ring)
MPRegen 0.10/turn    (no ring)
                     (no ring)

%: no passive effects
@: beast-form
A: beast (slay +1), almost no armour, amphibious, 8 rings, camouflage 1,
gelatinous body 1, (nimble swimmer 1), tentacles
a: Begin Untransformation


You were on level 4 of the Dungeon.
You were a hulking beast.
You visited 1 branch of the dungeon, and saw 4 of its levels.

You collected 137 gold pieces.


Innate Abilities, Weirdness & Mutations

You are a hulking beast.
Your limbs bulge with bestial killing power. (Slay +1)
You cannot wear most types of armour.
You are amphibious.
You can wear up to eight rings at the same time.
Your skin changes colour to match your surroundings (Stealth+).
Your rubbery body absorbs attacks. (AC +1, EV +1)
((You are camouflaged when in or above water. (Stealth+)))
You have tentacles for arms and can constrict up to eight enemies at once.


   Skills:
 - Level 1.0 Fighting
 + Level 4.9 Dodging
 + Level 6.2 Stealth
 - Level 3.0 Unarmed Combat
 - Level 3.0 Shapeshifting


You had 5 spell levels left.
You didn't know any spells.
Your spell library contained the following spells:

 Spells                   Type           Power      Damage    Failure   Level
 Sting                    Tmut/Pois      0%         1d3       30%         1
 Poisonous Vapours        Pois/Air       0%         N/A       43%         2
 Olgreb's Toxic Radiance  Pois           0%         N/A       97%         4

Inventory:

Jewellery
 m - a ring of poison resistance (left tentacle)
   (You found it on level 2 of the Dungeon)
 o - a ring of protection from cold (right tentacle)
   (You found it on level 3 of the Dungeon)
Talismans
 b - a beast talisman
 c - a flux talisman
Wands
 q - a wand of iceblast (5)
   (You found it on level 4 of the Dungeon)
Scrolls
 f - 2 scrolls of fear
 j - a scroll of teleportation
 k - a scroll of blinking
 l - a scroll of revelation
Potions
 a - a potion of curing {unknown}
 g - 2 potions of cancellation
 h - a potion of ambrosia {unknown}
 i - a potion of mutation {unknown}
 n - 2 potions of heal wounds
 p - a potion of enlightenment {unknown}

Dungeon Overview and Level Annotations

Branches:
Dungeon (4/15) Zot: 21489
 Temple: D:4-7

Altars:

## #....###...#
##...##....# ##.....
##........###.......
####.........#........
##..##...##.....g......
#......#.##............
#......##..............
#......##.#............
##..####.##....h.......
#### #..##...#.h......
### ##.###..##........
#.###.###...##........
###.#..## #..###........
#.......###.###.........
###.....##..............
##...............##...#.
#.#.........###..#


You could see a black bear and a goblin.


Message History

As you read the scroll of identify, it crumbles to dust.
e - a potion of degeneration Your transformation is almost over.
As you read the scroll of identify, it crumbles to dust.
n - a potion of heal wounds You drop a potion of degeneration.
You feel less wooden.
You turn into a hulking beast. 😕 HP[-15]
You now have 38 max hp (-19).
Key pressed, stopping explore.
Key pressed, stopping explore.
Unknown command. 😎 HP[+3]
Your hp is fully restored (38).
Key pressed, stopping explore.
Found a stone staircase leading up.
n - 2 potions of heal wounds (gained 1)
A goblin comes into view. It is wielding a +0 dagger.
A goblin is nearby!
A goblin is nearby!
A goblin is nearby!
A goblin is nearby!
A goblin is nearby!
A goblin is nearby!
A goblin is nearby!
A goblin is nearby!
You see here a ruby potion.
The helpless goblin fails to defend itself.
You tentacle-slap the goblin. Your grab misses the goblin.
The goblin hits you with a +0 dagger. 😕 HP[-1]
You take 1 damage, and now have 37/38 hp.
You closely miss the goblin. You grab the goblin. You squeeze the goblin.
You kill the goblin!
No target in view!
Things that are here:
a +0 dagger; a goblin corpse Unknown command.
No target in view! 😎 HP[+1]
Your hp is fully restored (38).
Things that are here:
a +0 dagger; a goblin corpse
a - a ruby potion A goblin comes into view.
It is wielding a +0 dagger.
A goblin is nearby!
A goblin is nearby!
A goblin is nearby!
A goblin is nearby!
A black bear comes into view.
Unknown command.
The black bear growls angrily.
The goblin shouts!
The goblin unwields a +0 dagger.
The goblin wields a +0 sling.
The goblin shoots a sling bullet.
The sling bullet barely misses you. The black bear misses you.
The black bear claws you. x2 😕 HP[-5]
You take 5 damage, and now have 33/38 hp.
Unknown command.
You tentacle-slap the black bear but do no damage.
Your grab misses the black bear. The black bear bites you.
The black bear misses you. The black bear completely misses you.
The goblin shoots a sling bullet.
The sling bullet hits you. 😮 HP[-5]
You take 5 damage, and now have 28/38 hp.
You tentacle-slap the black bear. You grab the black bear.
You squeeze the black bear!
You constrict the black bear, but do no damage.
The black bear closely misses you. The black bear barely misses you.
The black bear claws you.
The goblin shoots a sling bullet.
The sling bullet hits you.
* * * LOW HITPOINT WARNING * * *
😨 HP[-10]
You take 10 damage, and now have 18/38 hp.
MASSIVE DAMAGE!! (PAUSE)
You tentacle-slap the black bear.
You constrict the black bear, but do no damage.
The black bear closely misses you. The black bear barely misses you.
The black bear misses you.
You tentacle-slap the black bear but do no damage.
You constrict the black bear. The black bear bites you.
* * * LOW HITPOINT WARNING * * *
The black bear claws you but does no damage.
The black bear claws you.
* * * LOW HITPOINT WARNING * * *
The goblin shoots a sling bullet.
The sling bullet hits you.
* * * LOW HITPOINT WARNING * * *
Unknown command. 😱 HP[-11]
You take 11 damage, and now have 7/38 hp.
MASSIVE DAMAGE!! (PAUSE) Unknown command.
You tentacle-slap the black bear.
You constrict the black bear, but do no damage.
The black bear bites you.
* * * LOW HITPOINT WARNING * * *
The black bear barely misses you. The black bear claws you.
* * * LOW HITPOINT WARNING * * *
The goblin shoots a sling bullet.
The sling bullet hits you!
You die...

Skill      XL: |  1  2  3  4  5 |
---------------+----------------+-----
Stealth        | 1 2 3 4 6 |  6.2
Dodging        | 3 4 |  4.9
Fighting       | |  1.0
Unarmed Combat | |  3.0
Shapeshifting  | |  3.0

Action                     |  1- 3 |  4- 6 || total
---------------------------+-------+-------++-------
  Melee: Unarmed           |    73 |    50 ||   123
         Constrict         |    19 |    10 ||    29
         Tentacles         |    17 |    10 ||    27
         Punch             |     2 |     4 ||     6
    Use: Potion            |       |     2 ||     2
         Scroll            |       |     7 ||     7
   Stab: Sleeping          |    15 |     2 ||    17
 Armour: Skin              |    28 |    47 ||    75
  Dodge: Dodged            |    37 |    27 ||    64

Levels and vault maps discovered:
D:1:      dpeg_arrival_three_smaller_balls, layout_loops_ring
D:2:      layout_rooms, amcnicky_mini_corridor_feature
D:3:      layout_basic
D:4:      layout_layer_cave, eino_small_chamber_without_monster,
          uniq_blork_the_orc

Notes
Turn   | Place    | Note
-------+----------+-------------------------------------------
     0 | D:1      | ytrimaz the Octopode Shapeshifter began the quest for the
                  | Orb.
     0 | D:1      | Reached XP level 1. HP: 13/13 MP: 1/1
     0 | D:1      | magus.rc [v1.9.6]
     2 | D:1      | You add the spells Sting, Poisonous Vapours and Olgreb's
                  | Toxic Radiance to your library.
   132 | D:1      | Reached skill level 1 in Stealth
   206 | D:1      | Reached XP level 2. HP: 18/18 MP: 2/2
   378 | D:1      | Reached skill level 2 in Stealth
   780 | D:2      | Reached XP level 3. HP: 23/23 MP: 3/3
   883 | D:2      | Reached skill level 3 in Dodging
   888 | D:2      | Reached skill level 3 in Stealth
  1512 | D:3      | Reached XP level 4. HP: 28/28 MP: 4/4
  2056 | D:4      | Noticed a scorpion
  2068 | D:4      | Killed a scorpion
  2069 | D:4      | Reached skill level 4 in Stealth
  2069 | D:4      | Reached XP level 5. HP: 14/33 MP: 5/5
  2069 | D:4      | HP: 12/49 [poisoned by a scorpion]
  2074 | D:4      | HP: 9/49 [poisoned by a scorpion]
  2221 | D:4      | Reached skill level 4 in Dodging
  2221 | D:4      | Reached skill level 5 in Stealth
  2347 | D:4      | Noticed an ogre
  2354 | D:4      | Killed an ogre
  2355 | D:4      | Reached skill level 6 in Stealth
  2355 | D:4      | Reached XP level 6. HP: 38/38 MP: 6/6
  2511 | D:4      | Noticed a black bear
  2517 | D:4      | HP: 7/38 [goblin/sling bullet (3)]
  2518 | D:4      | HP: 3/38 [black bear (4)]
  2518 | D:4      | HP: 1/38 [black bear (2)]
  2518 | D:4      | Shot with a sling bullet by a goblin

Vanquished Creatures
  An ogre (D:4)
  2 scorpions (D:4)
  A sleepcap (D:4)
  3 adders
  A worm (D:2)
  3 dart slugs
  4 orcs (D:4)
  3 endoplasms
  3 giant cockroaches
  4 goblins
  6 hobgoblins
  2 jackals (D:1)
  4 ball pythons
  6 bats
  2 frilled lizards
  6 kobolds
  8 rats
59 creatures vanquished.

Table legend:
 A = Non-vault XP
 B = Vault XP
 C = Vault XP percentage of total XP
 D = Non-vault monster count
 E = Vault monster count
 F = Vault count percentage of total count
                 A         B        C        D         E       F
            +---------+---------+-------+---------+---------+-------
      Total |     462 |       0 |   0.0 |      59 |       0 |   0.0
            +---------+---------+-------+---------+---------+-------
        D:1 |      33 |       0 |   0.0 |      20 |       0 |   0.0
        D:2 |      45 |       0 |   0.0 |      17 |       0 |   0.0
        D:3 |      13 |       0 |   0.0 |       9 |       0 |   0.0
        D:4 |     371 |       0 |   0.0 |      13 |       0 |   0.0
            +---------+---------+-------+---------+---------+-------

Skill      XL: |  1  2  3  4  5 |
---------------+----------------+-----
Stealth        | 1 2 3 4 6 |  6.2
Dodging        | 3 4 |  4.9
Fighting       | |  1.0
Unarmed Combat | |  3.0
Shapeshifting  | |  3.0

Action                     |  1- 3 |  4- 6 || total
---------------------------+-------+-------++-------
  Melee: Unarmed           |    73 |    50 ||   123
         Constrict         |    19 |    10 ||    29
         Tentacles         |    17 |    10 ||    27
         Punch             |     2 |     4 ||     6
    Use: Potion            |       |     2 ||     2
         Scroll            |       |     7 ||     7
   Stab: Sleeping          |    15 |     2 ||    17
 Armour: Skin              |    28 |    47 ||    75
  Dodge: Dodged            |    37 |    27 ||    64

Illustrated notes

Table legend:
 A = Kills in this place as a percentage of kills in the entire game.
 B = Kills by you in this place as a percentage of kills by you in the entire game.
 C = Kills by friends in this place as a percentage of kills by friends in the entire game.
 D = Other kills in this place as a percentage of other kills in the entire game.
 E = Experience gained in this place as a percentage of experience gained in the entire game.
 F = Experience gained in this place divided by the number of levels of this place that you have seen.
                   A       B       C       D       E      F
               +-------+-------+-------+-------+-------+----------------------
         Total | 100.0 | 100.0 |   N/A |   N/A | 100.0 | 115.5
       Dungeon | 100.0 | 100.0 |   N/A |   N/A | 100.0 | 115.5
               +-------+-------+-------+-------+-------+----------------------

Table legend: (Time is in decaauts)
 A = Elapsed time spent in this place.
 B = Non-inter-level travel time spent in this place.
 C = Inter-level travel time spent in this place.
 D = Time resting spent in this place.
 E = Time spent auto-exploring this place.
 F = Levels seen in this place.
 G = Mean time per level.
                   A        B        C        D        E       F      G
               +--------+--------+--------+--------+--------+-----+--------+
         Total |   2509 |   2438 |     71 |     47 |   1919 |   4 |  627.2 |
       Dungeon |   2509 |   2438 |     71 |     47 |   1919 |   4 |  627.2 |
               +--------+--------+--------+--------+--------+-----+--------+

Top non-repeatable levels by time:
     D:1: 772 daAuts
     D:2: 636 daAuts
     D:3: 602 daAuts
     D:4: 498 daAuts
